 Dungeon Crawl Stone Soup version 0.30-b1-2-g02819fbbbe (webtiles) character file.

Game seed: 2342925906124387769

30 Alarkh the Sneak (level 3, 21/29 HPs)
             Began as a Demonspawn Delver on May 22, 2023.
             Quit the game on level 3 of the Dungeon.
             The game lasted 00:01:27 (483 turns).

Alarkh the Sneak (Demonspawn Delver)                 Turns: 483, Time: 00:01:28

Health: 21/29      AC:  3    Str: 12    XL:     3   Next: 3%
Magic:  3/3        EV: 11    Int: 13    God:
Gold:   28         SH:  0    Dex: 14    Spells: 2/2 levels left

rFire   . .          .
                       - Unarmed
rCold   . . .        (no shield)
rNeg    . . .        a - +0 leather armour
rPois   .            (no helmet)
rElec   .            (no cloak)
rCorr   .            (no gloves)
SInv    .            (no boots)
Will    .....        (no amulet)
Stlth   ++           (no ring)
HPRegen 0.24/turn    (no ring)
MPRegen 0.08/turn

%: no passive effects
@: no status effects
A: demonic guardian 1, powered by pain 1
a: no special abilities


You were on level 3 of the Dungeon.
You visited 1 branch of the dungeon, and saw 4 of its levels.

You collected 28 gold pieces.

Inventory:

Armour
 a - a +0 leather armour (worn)
Wands
 f - a wand of digging (3)
Scrolls
 b - a scroll of fog
 c - 2 scrolls of magic mapping
 d - a scroll of fear
 g - a scroll of torment {unknown}
 h - 2 scrolls of teleportation {unknown}
Potions
 e - a potion of haste
 i - a potion of attraction {unknown}


   Skills:
 - Level 3.0 Fighting
 - Level 1.7 Dodging
 - Level 4.5 Stealth
 + Level 3.2 Unarmed Combat


You had 2 spell levels left.
You didn't know any spells.
Your spell library was empty.

Dungeon Overview and Level Annotations

Branches:
Dungeon (5/15)
 Temple: D:4-7

Altars:


Innate Abilities, Weirdness & Mutations

A weak demonic guardian rushes to your aid.
You sometimes gain a little power by taking damage.


Message History

i - a bubbling black potion
There is a stone staircase leading down here.
You climb downwards.
There is a stone staircase leading up here.
You swing at nothing.
You swing at nothing.
You barely miss the worm. The worm bites you.
You hit the worm.
The worm is moderately wounded.
You hit the worm but do no damage.
The worm is moderately wounded.
The worm misses you.
You hit the worm.
The worm is moderately wounded.
You hit the worm.
The worm is heavily wounded.
The worm misses you.
You hit the worm.
The worm is heavily wounded.
You hit the worm.
The worm is severely wounded.
The worm misses you.
You hit the worm.
The worm is severely wounded.
You hit the worm.
The worm is almost dead.
The worm bites you!
You hit the worm but do no damage.
The worm is severely wounded.
The worm barely misses you.
You hit the worm.
You kill the worm!
You have reached level 3!
Your experience leads to an increase in your attributes!
Increase (S)trength, (I)ntelligence, or (D)exterity?
You feel clever. x2; Your demonic ancestry asserts itself...
You feel the presence of a demonic guardian.
Are you sure you want to abandon this character and quit the game? (Confirm with "yes".)
Okay, then.
Are you sure you want to abandon this character and quit the game? (Confirm with "yes".)

...# .......####.###
...# ..............w
...# ...............
...#
.#.......#.#.####.
...# ..
#.............. ...#
.# #.<...# ...# .#
#.#.### ...# .###..#
#†#.#
#######...<..###@#.#
# #.†..# #...#.# #
#.##.### #.#####
###.##...# #.#
....####.# ###.#
.#### #.# #.#.# .#
#.###.#.# .#
#.....#.# ##
#####.#.#


There were no monsters in sight!

Vanquished Creatures
  An adder (D:3)
  A worm (D:3)
  2 dart slugs (D:3)
  An endoplasm (D:3)
  A giant cockroach (D:3)
  3 jackals (D:3)
  A quokka (D:3)
  A ball python (D:3)
  A bat (D:3)
  A frilled lizard (D:3)
13 creatures vanquished.

Notes
Turn   | Place    | Note
-------+----------+-------------------------------------------
     0 | D:5      | Alarkh the Demonspawn Delver began the quest for the Orb.
     0 | D:5      | Reached XP level 1. HP: 18/18 MP: 1/1
     9 | D:4      | Noticed an iguana
   278 | D:3      | Gained mutation: You sometimes gain a little power by
                  | taking damage. [demonic ancestry]
   278 | D:3      | Reached XP level 2. HP: 22/24 MP: 2/2
   483 | D:3      | Gained mutation: A weak demonic guardian rushes to your
                  | aid. [demonic ancestry]
   483 | D:3      | Reached XP level 3. HP: 21/29 MP: 3/3
   483 | D:3      | Quit the game

Illustrated notes

Levels and vault maps discovered:
D:2:      layout_rooms, basic_altar, minivault_19
D:3:      layout_basic, mainiacjoe_overflow_two_lobes, minmay_pentomino_pile
D:4:      layout_cave_pools, nicolae_overflow_crystal_walls,
          cheibriados_altar_1, sigmund_edmund_badplayer
D:5:      layout_rooms, mainiacjoe_overflow_paths, minmay_temple_entry_poolview,
          serial_shops, nicolae_shop_window_shopping, uniq_duvessa

Skill      XL: |  1  2 |
---------------+-------+-----
Unarmed Combat | 2 3 |  3.2
Fighting       | |  3.0
Dodging        | |  1.7
Stealth        | |  4.5

Action                     || total
---------------------------++-------
  Melee: Unarmed           ||    62
         Punch             ||     1
   Stab: Sleeping          ||     3
 Armour: Leather armour    ||    14
  Dodge: Dodged            ||    27
